← All builds
Geo / Armada / Economy first / OBSERVED BUILD

Mauser artillery

Armada Geo build order · Supreme Isthmus

Geo skips straight to an Advanced Vehicle Plant and brings Mauser artillery to the middle from about 5:24, well before the role's normal T2 unit timing.

#t2 #artillery #push · 95 distinct matches · 37 players · 3% of Armada Geo games · team won 58% of 96 · Recently observed

THE CATCH, AND WHAT COMES WITH IT
  • MauserT2 vehicle artillery from 5:23 · 4% of role by thenFrom the Advanced Vehicle Plant. Only 4% of Geo games have it by then; others who build it get it around 8:06
  • Advanced Vehicle PlantAdvanced Vehicle Plant in 96%7% of all Geo games by then
  • Vehicle PlantVehicle Plant in 96%17% of all Geo games by then
  • ProphetRadar vehicle in 59%2% of all Geo games by then

Where those units first fight, in 96 games with kill data: in the middle 85%, on their own side 15%.

Those units destroy a typical 3,937 metal of enemy units by 15:00.

Then transitions into Starlight (24% of army), Jaguar (21% of army).

HOW TO PLAY IT

Key timing: Advanced Vehicle Plant by 4:26

  1. Open double mex and wind into Bot Lab by 1:12.
  2. Bring geo online, then reclaim bot lab and vehicle plant.
  3. Drop Vehicle Plant, then push straight to Advanced Vehicle Plant.
  4. Field Mauser arty from the T2 plant to support front.
  5. Add Umbra jammer support alongside the arty push.

Phase by phase

TYPICAL OF ITS 95 GAMES · AGAINST STANDARD GEO
  1. 1
  2. 2
  3. 3
  4. 4
PLAY THE OPENING

Follow the example game's first 6:23 step by step: what to build now, what comes next, and where it goes. At 1× it keeps pace with your own game.

  1. 1

    Up to the Bot Lab

    Economy
    • Metal Extractor3Mex
    • Wind Turbine3Wind
    Order
    1. Bot LabBot Lab after 3 mex, 3 winddone ~1:07, middle half 0:54–1:19

    By 0:51 in all: 3 mex · 3 wind

    The example game in this phase · 3 steps
    1. Mex ×2
    2. Wind ×3
    3. Bot LabBot Labdone 0:51 · typical 1:07
  2. 2

    Bot Lab to Vehicle Plant

    Economy
    • Metal Extractor1Mex
    • Wind Turbine2Wind
    • Energy Converter6Converter+4 vs standard
    • Energy Storage1Energy storage
    Order
    1. Geothermal PowerplantGeo after 4 mex, 6 wind, 1 energy storage
    2. Bot LabEat Bot Lab
    3. Vehicle PlantVehicle Plant after 4 mex, 7 wind, 6 converterdone ~4:17, middle half 3:56–4:30
    Builders
    • Construction Turret2 Con turret
    • Lazarus3 Lazarus
    • Construction Bot1 Con bot
    • Construction Bot1 Con bot for allies
    • Lazarus1 Lazarus for allies

    By 4:04 in all: 4 mex · 7 wind · 1 geo · 6 converter (standard 2) · 1 energy storage · 2 con turret

    The example game in this phase · 16 steps
    1. LazarusLazarus
    2. Wind
    3. Construction BotCon botfor Air
    4. Wind ×2
    5. Construction BotCon bot
    6. LazarusLazarusfor Beach sea
    7. Wind
    8. LazarusLazarus
    9. Wind
    10. Mex ×2
    11. Energy storage
    12. Con turret ×3
    13. Geothermal PowerplantGeodone 3:27 · typical 3:13
    14. Bot LabEat Bot Labreclaimed for its metal
    15. Converter ×6
    16. Vehicle PlantVehicle Plantdone 3:55 · typical 4:17
  3. 3

    Vehicle Plant to T2 vehicle artillery

    Economy
    • Energy Converter2Converter−4 vs standard
    Order
    1. Advanced Vehicle PlantAdvanced Vehicle Plant after 4 mex, 7 wind, 6 converter
    2. Vehicle PlantEat Vehicle Plant
    3. MauserT2 vehicle artillery after 4 mex, 7 wind, 6 converter
    Builders
    • Construction Vehicle1 Con vehicle

    The standard build makes here, this one skips: 2 con turret

    By 5:23 in all: 4 mex · 7 wind · 1 geo · 6 converter (standard 9) · 1 energy storage · 3 con turret (standard 6)

    The example game in this phase · 4 steps
    1. Construction VehicleCon vehicle
    2. Vehicle PlantEat Vehicle Plantreclaimed for its metal
    3. Advanced Vehicle PlantAdvanced Vehicle Plantdone 4:53 · typical 5:16
    4. MauserMauserdone 5:16
  4. 4

    T2 vehicle artillery to 10:00

    Economy
    • Wind Turbine2Wind−6 vs standard
    Order
    1. Advanced Geothermal PowerplantAdvanced Geothermal Powerplant after 4 mex, 7 wind, 6 converterin 57% of games
    Builders
    • Construction Turret2 Con turret
    • Advanced Construction Vehicle1 T2 con vehicle for allies
    • Advanced Construction Vehicle1 T2 con vehicle
    Army
    • Mauser4 Mauser +4 vs standard
    • Prophet1 Radar vehicle

    Some games also: jammer (50%) · converter (30%)

    The standard build makes here, this one skips: 6 converter · 2 Starlight

    By 10:00 in all: 4 mex · 10 wind (standard 18) · 1 geo · 1 Advanced Geothermal Powerplant · 8 converter (standard 16) · 1 energy storage

    The example game in this phase · 24 steps
    1. MauserMauser ×2
    2. ProphetRadar vehicle
    3. UmbraJammer
    4. Advanced Construction VehicleT2 con vehiclefor Suicide front
    5. GremlinStealth tank
    6. Advanced Construction VehicleT2 con vehicle
    7. Advanced Metal ExtractorT2 mexdone 7:02 · typical 7:27
    8. Advanced Construction VehicleT2 con vehiclefor Beach sea
    9. Advanced Metal ExtractorT2 mex ×3
    10. Advanced Construction VehicleT2 con vehicle
    11. Wind ×3
    12. Advanced Geothermal PowerplantAdvanced Geothermal Powerplantdone 10:16 · typical 10:12
    13. Wind ×2
    14. Con turret
    15. Wind
    16. Con turret ×2
    17. Wind ×3
    18. ShredderShredderdone 10:20
    19. Wind ×2
    20. ShredderShredder
    21. Wind
    22. ShredderShredder
    23. Con turret
    24. ShredderShredder

Counts are medians over the build's games: half of them build more, half fewer. The example game is malleking's (32 OS, 14/10/2026); pick another.

Team trades

IN AT LEAST 30% OF ITS GAMES

You hand over

  • Lazarus1 Lazarus to Beach sea or Geo seafirst at 2:04 · in 60% of games
  • Construction Bot1 Con bot to Beach sea or Pondfirst at 2:35 · in 72% of games
  • Advanced Construction Vehicle2 T2 con vehicle to Front or Suicide frontfirst at 8:37 · in 74% of games

You get

Nothing regular.

How it plays out

Typical game of this build against the role’s standard build, running totals by minute

  • This build
  • Standard geo

Metal produced

020k40k
0:005:0010:0015:00

metal

Enemy metal destroyed

05k10k15k
0:005:0010:0015:00

metal

Own metal lost

02k4k6k
0:005:0010:0015:00

metal

96 games.

Show as table
ByMetal produced: This buildMetal produced: Standard geoEnemy metal destroyed: This buildEnemy metal destroyed: Standard geoOwn metal lost: This buildOwn metal lost: Standard geo
1:003713330000
2:008768600000
3:00154215270000
4:00271126710000
5:00456236930000
6:00638056360000
7:0074738019284000
8:009050113431210000
9:00111411440622254332084
10:0013668172702761472661200
11:001631920110342917451138520
12:0018764229804708361814751605
13:0021268257305697587420612970
14:0023806285747183825028554419
15:00264583134796911020940185552
WHAT THE NUMBERS SAY

Won more often than the standard Geo build and destroyed far more metal while losing less.

  • + Destroys 10530 metal by 15:00 vs standard's 10573, close while losing far less
  • + Own losses much lower, 4750 vs 5975 by 15:00
  • − Metal produced trails standard badly by 10:00, 13782 vs 17433
  • − Mauser lands by 8:13, slower than the claimed early push despite the 5:30 start
THE EXAMPLE YOU ARE READING

malleking

31.9 OS · 14/10/2026

Open source match ↗

0 received units
304 metal received · 61652 energy received

Allied construction assistance is unknown. Timings are observations, not a promise of solo reproducibility.

Typical milestones

Bot Lab1:07Middle 50%: 0:54–1:19 · n=96
Geothermal Powerplant3:13Middle 50%: 3:03–3:34 · n=96
Vehicle Plant4:17Middle 50%: 3:56–4:30 · n=96
Advanced Vehicle Plant5:16Middle 50%: 5:02–5:43 · n=96
Advanced Metal Extractor7:27Middle 50%: 6:53–8:14 · n=95
Advanced Geothermal Powerplant10:12Middle 50%: 9:35–11:25 · n=74
Starlight11:16Middle 50%: 10:23–12:22 · n=63

Played most by

[FCRD]GlazedByAfussy12games of this buildmalleking10games of this buildJosephPilates7games of this buildJustSomeGuy6games of this build0neTw05games of this build